 Dungeon Crawl Stone Soup version 0.18.1-6-gd335043 (webtiles) character file.

2209 MTVSty1e the Skirmisher (level 9, 0/81 HPs)
             Began as a Green Draconian Berserker on May 12, 2016.
             Was an Elder of Trog.
             Slain by an orc warrior
             ... wielding a +0 halberd
              (17 damage)
             ... in a bailey on May 16, 2016.
             The game lasted 00:22:20 (7045 turns).

MTVSty1e the Skirmisher (Green Draconian Berserker) Turns: 7045, Time: 00:22:21

Health: 0/81       AC:  9    Str: 22    XL:     9   Next: 13%
Magic:  11/11      EV: 14    Int:  9    God:    Trog [****..]
Gold:   426        SH:  0    Dex: 10    Spells: 0 memorised, 8 levels left

rFire  . . .     SeeInvis .     n - +4 quarterstaff (chaos)
rCold  . . .     Gourm    .     (armour unavailable)
rNeg   . . .     Faith    .     (shield currently unavailable)
rPois  +         Spirit   .     (helmet restricted)
rElec  .         Dismiss  .     o - +1 cloak
rCorr  .         Reflect  .     (no gloves)
SustAt .         Harm     .     (no boots)
MR     +....                    (no amulet)
Stlth  ++........               f - ring of flight
                                e - ring of protection from magic

@: somewhat resistant to hostile enchantments, unstealthy
A: breathe noxious fumes, unfitting armour, poison resistance, cold-blooded, AC
+7
a: Breathe Noxious Fumes, Berserk, Trog's Hand, Brothers in Arms, Burn
Spellbooks, Renounce Religion, Evoke Flight


You were in a bailey.
You worshipped Trog.
Trog was greatly pleased with you.
You were not hungry.

You visited 1 branch of the dungeon, and saw 7 of its levels.
You also visited: Bailey.

You collected 426 gold pieces.

Inventory:

Hand Weapons
 a - a +0 hand axe
 n - a +4 quarterstaff of chaos (weapon)
 y - a cursed -3 long sword
Armour
 o - a +1 cloak (worn)
Jewellery
 e - a ring of protection from magic (left hand)
 f - a ring of flight (right hand)
Wands
 A - a wand of slowing (22/48)
Scrolls
 g - 2 scrolls of recharging
 i - 2 scrolls of remove curse
 p - 4 scrolls of magic mapping
 r - a scroll of teleportation
 s - 5 scrolls of identify
 z - a scroll of noise {unknown}
Potions
 c - 2 potions of brilliance {unknown}
 d - 2 potions of resistance {unknown}
 h - a potion of berserk rage {unknown}
 k - a potion of agility
 l - 2 potions of flight
 m - a potion of curing {unknown}
 q - a potion of heal wounds {unknown}
 t - 3 potions of lignification {unknown}
 u - a potion of experience {unknown}
 v - a potion of mutation {unknown}
Books
 w - a book of Party Tricks

   Spells                             Type                      Level
   a - Summon Butterflies             Summoning                    1
   b - Apportation                    Translocation                1
   c - Tukima's Dance                 Hexes                        3
   d - Alistair's Intoxication        Transmutation/Poison         5
   e - Invisibility                   Hexes                        6
   Trog disapproves of the use of such an item.


   Skills:
 * Level 7.9 Fighting
 - Level 4.0 Axes
 * Level 5.2 Staves
 + Level 6.6 Dodging
 - Level 3.0 Stealth
 - Level 3.1 Evocations


You had 8 spell levels left.
You didn't know any spells.

Dungeon Overview and Level Annotations

Branches:
Dungeon (7/15)             Temple (0/1) D:5

Altars:
Dithmenos
Pakellas
Sif Muna
The Shining One


Innate Abilities, Weirdness & Mutations

You can breathe blasts of noxious fumes.
Your lurid green scales are hard (AC +7).
Your body does not fit into most forms of armour.
Your system is resistant to poisons.
You are cold-blooded and may be slowed by cold attacks.


Message History

The orc warrior hits you from afar with a halberd!
The orc warrior hits you from afar with a spear!
There is an open gate, spattered with blood here.
The orc warrior misses you.
The orc warrior hits you from afar with a spear!
* * * LOW HITPOINT WARNING * * *
You hit the orc warrior.
The orc warrior is poisoned.
Your tail-slap misses the orc warrior.
The orc warrior is lightly wounded.
The orc warrior hits you but does no damage.
The orc warrior barely misses you.
You are too injured to fight recklessly!
You hit the orc warrior but do no damage.
The orc warrior seems to speed up.
The orc warrior is moderately wounded.
The orc warrior barely misses you. The orc warrior completely misses you.
You hit the orc warrior but do no damage.
The orc warrior is moderately wounded.
The orc warrior hits you with a halberd!
You die...

..≈≈ #...##....≈≈≈≈≈≈
......≈.≈≈ #...#.⌠.≈≈≈.....
....⌠.≈≈. #...#..≈≈..≈≈≈≈≈
.......≈. #..⌠#.≈≈.≈≈≈....
≈≈≈....≈≈ #..##.≈.≈≈..≈≈≈≈
≈≈≈≈≈...#####..#)≈≈.≈.≈≈≈...
≈≈≈≈≈≈......o..#)≈.≈≈.≈..⌠.⌠
}≈≈≈≈≈....).'..#)≈....≈..∩∩∩
≈≈≈≈≈≈....o@'..#)≈.≈≈.≈..⌠.⌠
≈≈≈≈≈..)#####..#.≈≈.≈)≈≈≈...
≈≈≈....≈≈ #..##.≈.≈≈))≈≈≈≈
.....o.≈.≈ #..⌠#.≈≈.≈≈≈....
....⌠.≈≈.≈≈ #)).#..≈≈..≈≈≈≈≈
......≈.≈≈≈≈#.).#.⌠.≈≈≈.....
....≈≈≈.≈≈≈≈#...##....≈≈≈≈≈≈
..≈≈≈c.≈≈≈≈≈#....#####......
#......)⌠#######


You could see 2 orc warriors.

Vanquished Creatures
  Sigmund (D:2)
  A wyvern (D:7)
  3 orc warriors (Bailey)
  2 ogres
  2 centaurs (Bailey)
  4 giant frogs
  2 scorpions
  A crimson imp (D:6)
  A quasit (D:7)
  A hound (D:6)
  A jelly (D:5)
  Crazy Yiuf (D:2)
  5 orc priests
  A gnoll shaman (D:4)
  5 orc wizards
  Jessica (D:2)
  A giant frog skeleton (D:4)
  An iguana (D:6)
  4 worker ants
  A hound skeleton (D:5)
  3 gnolls (D:4)
  A howler monkey zombie (D:5)
  8 adders
  2 shadow imps
  An adder skeleton (D:7)
  6 worms
  3 dart slugs (D:1)
  4 giant geckos
  38 orcs
  3 ball pythons
  2 giant cockroaches (D:2)
  3 goblins
  7 hobgoblins
  9 jackals
  3 quokkas
  10 bats
  A giant gecko zombie (D:6)
  2 giant newts
  5 kobolds
  A quokka skeleton (D:4)
  10 rats
161 creatures vanquished.

Notes
Turn   | Place    | Note
--------------------------------------------------------------
     0 | D:1      | MTVSty1e the Draconian Berserker began the quest for the Orb.
     0 | D:1      | Reached XP level 1. HP: 19/19 MP: 1/1
   223 | D:1      | Reached XP level 2. HP: 16/27 MP: 2/2
   451 | D:1      | Reached skill level 4 in Fighting
   710 | D:2      | Noticed Sigmund
   713 | D:1      | Reached ** piety under Trog
   713 | D:1      | Reached XP level 3. HP: 33/33 MP: 3/3
  1036 | D:2      | Killed Sigmund
  1036 | D:2      | Reached skill level 5 in Fighting
  1036 | D:2      | Reached XP level 4. HP: 36/42 MP: 4/4
  1036 | D:2      | Reached XP level 5. HP: 42/48 MP: 5/5
  1056 | D:2      | Found a glowing golden altar of the Shining One.
  1237 | D:2      | Upgraded the game from 0.18.1-5-g4a78601 to 0.18.1-6-gd335043
  1553 | D:2      | Noticed Jessica
  1559 | D:2      | Killed Jessica
  1559 | D:2      | Reached skill level 1 in Stealth
  1559 | D:2      | Reached XP level 6. HP: 54/56 MP: 6/6
  1842 | D:2      | Found a deep blue altar of Sif Muna.
  1928 | D:2      | Reached *** piety under Trog
  1937 | D:2      | Noticed Crazy Yiuf
  1947 | D:2      | Killed Crazy Yiuf
  3237 | D:4      | Reached skill level 1 in Evocations
  3270 | D:4      | Reached skill level 6 in Fighting
  3270 | D:4      | Reached skill level 1 in Staves
  3270 | D:4      | Your scales start taking on a lurid green colour.
  3270 | D:4      | Reached XP level 7. HP: 46/63 MP: 7/7
  3270 | D:4      | Gained mutation: Your system is resistant to poisons. [Green Draconian growth]
  4207 | D:4      | Reached **** piety under Trog
  4322 | D:5      | Entered Level 5 of the Dungeon
  4354 | D:5      | Reached skill level 5 in Dodging
  4408 | D:5      | Found a shadowy altar of Dithmenos.
  4531 | D:5      | Found a staircase to the Ecumenical Temple.
  5007 | D:6      | Found an oddly glowing altar of Pakellas.
  5249 | D:6      | Reached XP level 8. HP: 67/71 MP: 9/9
  5433 | D:6      | Reached skill level 7 in Fighting
  6116 | D:7      | Found a flagged portal.
  6173 | Bailey   | Entered a bailey
  6543 | Bailey   | Reached skill level 5 in Staves
  6543 | Bailey   | Reached XP level 9. HP: 47/81 MP: 11/11
  7045 | Bailey   | Slain by an orc warrior

Skill      XL: |  1  2  3  4  5  6  7  8 |
---------------+-------------------------+-----
Dodging        | 3 4 5 6 |  6.6
Fighting       | 4 5 6 7 |  7.9
Stealth        | 1 2 3 |  3.0
Axes           | 4 |  4.0
Evocations     | 1 2 3 |  3.1
Staves         | 1 3 5 |  5.2

Action                   |  1- 3 |  4- 6 |  7- 9 || total
-------------------------+-------+-------+-------++-------
Melee: Hand axe          |    61 |   103 |       ||   164
       Tailslap          |     6 |    19 |    43 ||    68
       Quarterstaff      |       |    48 |   262 ||   310
Invok: Berserk           |     1 |     1 |     3 ||     5
       Trog's Hand       |     1 |       |     4 ||     5
 Abil: Evoke Flight      |       |       |     2 ||     2
       Breathe Noxious F |       |       |     1 ||     1
  Use: Scroll            |     2 |     2 |     4 ||     8
       Potion            |       |     1 |       ||     1
 Stab: Sleeping          |     1 |     4 |     2 ||     7
       Paralysed         |       |       |     2 ||     2
       Distracted        |       |       |     1 ||     1
       Confused          |       |       |     1 ||     1
  Eat: Meat ration       |       |     1 |     1 ||     2
       Bread ration      |       |     1 |     3 ||     4
       Beef jerky        |       |       |     1 ||     1
Armor: Skin              |    20 |    69 |   121 ||   210
Dodge: Dodged            |    50 |   133 |   286 ||   469
